 Dungeon Crawl Stone Soup version 0.29-a0-1047-g7c58e119a4 (webtiles) character file.

Game seed: 1286998501501712180

21 PimpSugar the Magician (level 2, -6/20 HPs)
             Began as a Demonspawn Hedge Wizard on Aug 16, 2022.
             Mangled by a gnoll
             ... wielding a +0 whip
              (8 damage)
             ... on level 1 of the Dungeon.
             The game lasted 00:02:57 (1076 turns).

PimpSugar the Magician (Demonspawn Hedge Wizard)    Turns: 1076, Time: 00:02:58

Health: -6/20      AC:  2    Str: 10    XL:     2   Next: 62%
Magic:  2/6        EV: 12    Int: 15    God:
Gold:   64         SH:  0    Dex: 12    Spells: 4/7 levels left

rFire   . . .      SeeInvis .   a - +0 dagger
rCold   . . .      Faith    .   (no shield)
rNeg    . . .      Spirit   .   b - +0 robe
rPois   .          Reflect  .   c - +0 hat
rElec   .          Harm     .   (no cloak)
rCorr   .          Rampage  .   (no gloves)
Will    .....                   (no boots)
Stlth   ++........              (no amulet)
HPRegen 0.06/turn               (no ring)
MPRegen 0.10/turn               (no ring)

@: no status effects
A: foul stench 1
a: no special abilities


You were on level 1 of the Dungeon.
You visited 1 branch of the dungeon, and saw 1 of its levels.

You collected 64 gold pieces.

Inventory:

Hand Weapons
 a - a +0 dagger (weapon)
Missiles
 f - 7 boomerangs (quivered)
 g - 3 stones
Armour
 b - a +0 robe (worn)
 c - a +0 hat (worn)
Scrolls
 e - a scroll of fear {unknown}
 k - a scroll of butterflies {unknown}
Potions
 d - 3 potions of magic
 h - a potion of lignification {unknown}
 i - a potion of heal wounds {unknown}
 j - a potion of brilliance {unknown}


   Skills:
 + Level 0.4 Fighting
 + Level 2.0 Dodging
 + Level 1.9 Stealth
 * Level 3.1 Spellcasting
 * Level 1.5 Conjurations
 + Level 1.2 Summonings
 + Level 1.1 Translocations


You had 4 spell levels left.
You knew the following spells:

 Your Spells              Type           Power      Damage    Failure   Level
a - Magic Dart            Conj           24%        1d4       11%         1
b - Call Imp              Summ           6%         N/A       19%         2

Your spell library contained the following spells:

 Spells                   Type           Power      Damage    Failure   Level
 Blink                    Tloc           10%        N/A       19%         2
 Slow                     Hex            8%         N/A       21%         1
 Conjure Flame            Conj/Fire      4%         6-21      41%         3
 Mephitic Cloud           Conj/Pois/Air  3%         N/A       43%         3


Dungeon Overview and Level Annotations

Branches:
Dungeon (1/15)

Altars:


Innate Abilities, Weirdness & Mutations

You may rarely emit foul miasma when damaged in melee.


Message History

Aim: a gnoll, wielding a +0 whip (60% to hit)
You throw a boomerang. The hobgoblin shouts!
The boomerang hits the gnoll.
The gnoll is lightly wounded.
The gnoll barely misses you. x2
Throw: 7 boomerangs
Press: ? - help, Q - select action, (/) - cycle Shift-Dir - straight line, f/p - gnoll
Aim: a gnoll, wielding a +0 whip (lightly wounded, 60% to hit)
You throw a boomerang. The boomerang closely misses the gnoll.
The boomerang closely misses the hobgoblin.
The gnoll barely misses you.
Casting: Magic Dart (safe; 11% risk of failure)
Confirm with . or Enter, or press ? or * to list all spells.
A beastly little devil appears in a puff of flame.
The gnoll hits you with a +0 whip.
You swap places.
The gnoll hits your crimson imp with a +0 whip!
Your crimson imp barely misses the gnoll.
The gnoll hits your crimson imp with a +0 whip!
Your crimson imp dies!
Your crimson imp disappears in a puff of smoke!
Casting: Call Imp (safe; 19% risk of failure)
Confirm with . or Enter, or press ? or * to list all spells.
A beastly little devil appears in a puff of flame.
The gnoll hits your crimson imp with a +0 whip.
Your crimson imp blinks!
Your crimson imp blinks!
Your crimson imp blinks!
Casting: Call Imp (safe; 19% risk of failure)
Confirm with . or Enter, or press ? or * to list all spells.
A beastly little devil appears in a puff of flame.
Your crimson imp disappears in a puff of smoke!
The gnoll hits you with a +0 whip!
* * * LOW HITPOINT WARNING * * *
The gnoll attacks as you move away! The gnoll misses you.
The gnoll attacks as you move away! The gnoll misses you.
The gnoll attacks as you move away! The gnoll closely misses you.
The gnoll attacks as you move away! The gnoll hits you with a +0 whip!
You die...

##### #.# .§# #.# #(#
########### #.# #.#
.........)♣ #.##### #g#
....8..8..♣ #.....# #.#
......÷...♣ #.###5###.#
.....÷÷...♣♣♣g###.....#
....8..8...♣♣..g.######
..)........♣♣.##@#
....8..8...♣♣.##.#
......÷...♣♣♣..#.#
.....÷÷...♣♣...#.###
....8..8..♣♣.......#
..........♣♣...#.#.#
#############....#.## ######
.........)....###...#♣#....##
############.###.....#......##


You could see a gnoll, a hobgoblin (ally target) and a friendly crimson imp
(summoned).

Vanquished Creatures
  A dart slug (D:1)
  An endoplasm (D:1)
  2 hobgoblins (D:1)
  A quokka (D:1)
  4 ball pythons (D:1)
  3 bats (D:1)
  2 goblins (D:1)
  2 kobolds (D:1)
  A rat (D:1)
17 creatures vanquished.

Notes
Turn   | Place    | Note
-------+----------+-------------------------------------------
     0 | D:1      | PimpSugar the Demonspawn Hedge Wizard began the quest for
                  | the Orb.
     0 | D:1      | Reached XP level 1. HP: 13/13 MP: 4/4
   303 | D:1      | Reached skill level 1 in Translocations
   526 | D:1      | Gained mutation: You may rarely emit foul miasma when
                  | damaged in melee. [demonic ancestry]
   526 | D:1      | Reached XP level 2. HP: 19/19 MP: 4/6
   888 | D:1      | Learned a level 2 spell: Call Imp
  1076 | D:1      | Mangled by a gnoll

Illustrated notes

Levels and vault maps discovered:
D:1:      giann_forest_graveyard, layout_basic, grunt_decor_resistance,
          kennysheep_decorative_pillar, supply_closet_lemuel, feat_on_display

Skill      XL: |  1  2 |
---------------+-------+-----
Translocations | 1 |  1.1
Dodging        | 2 |  2.0
Fighting       | |  0.4
Stealth        | |  1.9
Spellcasting   | |  3.1
Conjurations   | |  1.5
Summonings     | |  1.2

Action                   || total
-------------------------++-------
Melee: Dagger            ||    31
Throw: Boomerang         ||    11
 Cast: Magic Dart        ||    26
       Call Imp          ||     3
Armor: Robe              ||    16
Dodge: Dodged            ||    51

Table legend: (Time is in decaauts)
 A = Elapsed time spent in this place.
 B = Non-inter-level travel time spent in this place.
 C = Inter-level travel time spent in this place.
 D = Time resting spent in this place.
 E = Time spent auto-exploring this place.
 F = Levels seen in this place.
 G = Mean time per level.
                   A        B        C        D        E       F      G
               +--------+--------+--------+--------+--------+-----+--------+
         Total |   1079 |    979 |    100 |    242 |    488 |   1 | 1079.0 |
       Dungeon |   1079 |    979 |    100 |    242 |    488 |   1 | 1079.0 |
               +--------+--------+--------+--------+--------+-----+--------+

Top non-repeatable levels by time:
     D:1: 1079 daAuts
